 Dungeon Crawl Stone Soup version 0.18.1-8-gdd0e5ea (console) character file.

7546 Kloppie the Cleaver (level 10, 0/97 HPs)
             Began as a Minotaur Gladiator on June 7, 2016.
             Was a Priest of Makhleb.
             Slain by Snorg (15 damage)
             ... on level 10 of the Dungeon.
             The game lasted 00:18:10 (10380 turns).

Kloppie the Cleaver (Minotaur Gladiator)           Turns: 10380, Time: 00:18:10

Health: 0/97       AC: 19    Str: 20    XL:     10   Next: 96%
Magic:  9/9        EV: 18    Int:  5    God:    Makhleb [***...]
Gold:   104        SH:  0    Dex: 19    Spells: 0 memorised, 9 levels left

rFire  . . .     SeeInvis .     a - +1 war axe
rCold  . . .     Gourm    .     t - +3 chain mail
rNeg   . . .     Faith    .     (no shield)
rPois  .         Spirit   .     c - +1 hat
rElec  .         Dismiss  .     (no cloak)
rCorr  +         Reflect  .     G - +0 pair of gloves
SustAt .         Harm     .     b - +0 pair of boots
MR     .....                    (no amulet)
Stlth  ..........               J - ring of resist corrosion
                                C - +3 ring of evasion

@: agile, very slightly contaminated, hasted, very quick, not resistant to
hostile enchantments, extremely unstealthy
A: retaliatory headbutt, horns 2
a: Minor Destruction, Lesser Servant of Makhleb, Renounce Religion


You were on level 10 of the Dungeon.
You worshipped Makhleb.
Makhleb was most pleased with you.
You were not hungry.

You visited 2 branches of the dungeon, and saw 11 of its levels.
You also visited: Bailey.

You collected 533 gold pieces.
You spent 429 gold pieces at shops.

Inventory:

Hand Weapons
 a - a +1 war axe (weapon)
 I - the +5 hunting sling "Ello" {velocity, Int+2 Dex+3}
   (You found it on level 7 of the Dungeon)

   Any stone fired from it inflicts extra damage.
   It affects your intelligence (+2).
   It affects your dexterity (+3).
 K - a +0 battleaxe
Missiles
 w - a throwing net (quivered)
Armour
 b - a +0 pair of boots (worn)
 c - a +1 hat (worn)
 t - a +3 chain mail (worn)
 x - the +1 ring mail of Too Many Cooks {rElec rN+ MR+ MP+9}
   (You found it on level 6 of the Dungeon)

   It insulates you from electricity.
   It protects you from negative energy.
   It affects your resistance to hostile enchantments.
   It affects your magic capacity (+9).
 D - a +0 plate armour
 G - a +0 pair of gloves (worn)
 M - a +0 plate armour
Jewellery
 e - an uncursed ring of sustain attributes
 k - an uncursed ring of protection from fire
 n - an uncursed amulet of faith
 p - an uncursed ring of protection from cold
 C - a +3 ring of evasion (left hand)
 J - a ring of resist corrosion (right hand)
 P - an uncursed ring of teleportation
Wands
 d - a wand of acid (5/15)
 j - a wand of iceblast (5/15)
 s - a wand of slowing (45/48)
 O - a wand of random effects (33/48)
 Y - a wand of flame (26/48)
Scrolls
 h - a scroll of fog
 i - 3 scrolls of teleportation
 l - 2 scrolls of magic mapping
 q - 3 scrolls of enchant weapon
 r - 3 scrolls of recharging
 L - a scroll of blinking
 N - 2 scrolls of enchant armour
 Q - a scroll of remove curse
 W - a scroll of amnesia
 X - a scroll of fear
Potions
 m - 2 potions of brilliance
 v - a potion of haste
 z - 2 potions of curing
 A - a potion of cure mutation
 F - a potion of flight {unknown}
 H - 2 potions of beneficial mutation {unknown}
 R - 3 potions of mutation
 U - 2 potions of magic
 V - 2 potions of lignification
Books
 y - a book of Unlife

   Spells                             Type                      Level
   a - Recall                         Summoning/Translocation      3
   b - Animate Dead                   Necromancy                   4
   c - Control Undead                 Necromancy                   4
   d - Cigotuvi's Embrace             Necromancy                   5
   e - Death Channel                  Necromancy                   6
   f - Simulacrum                     Ice/Necromancy               6
Comestibles
 f - 7 bread rations
 g - 3 slices of pizza
 o - 2 beef jerkies
 B - 5 meat rations
 E - 9 fruits


   Skills:
 + Level 11.6 Fighting
 + Level 12.2 Axes
 - Level 2.0 Throwing
 + Level 11.2 Armour
 - Level 3.2 Dodging


You had 9 spell levels left.
You didn't know any spells.

Dungeon Overview and Level Annotations

Branches:
Dungeon (10/15)            Temple (1/1) D:5             Orc (0/2) D:9
   Lair: D:8-11

Altars:
Ashenzari
Cheibriados
Dithmenos
Elyvilon
Fedhas
Gozag
Kikubaaqudgha
Makhleb
Nemelex Xobeh
Okawaru
Pakellas
Qazlal
Ru
Sif Muna
Trog
Vehumet
Xom
Yredelemnul
Zin
The Shining One

Shops:
D:10 !

Annotations:
D:10 Snorg


Innate Abilities, Weirdness & Mutations

You reflexively headbutt those who attack you in melee.
You have a pair of horns on your head.


Message History

Snorg bites you but does no damage. Snorg completely misses you.
Snorg claws you but does no damage. Snorg completely misses you.
You furiously retaliate!
You headbutt Snorg. Snorg claws you but does no damage.
Snorg closely misses you.
You hit Snorg.
Snorg is moderately wounded.
Snorg misses you. You furiously retaliate!
You headbutt Snorg. Snorg barely misses you. Snorg claws you.
* * * LOW HITPOINT WARNING * * *
Drink which item? (? for menu, Esc to quit)
You feel yourself speed up. Snorg completely misses you.
You furiously retaliate!
You headbutt Snorg. Snorg claws you.
* * * LOW HITPOINT WARNING * * *
Snorg claws you.
* * * LOW HITPOINT WARNING * * *
You are very lightly contaminated with residual magic.
You closely miss Snorg.
Snorg is moderately wounded.
Snorg bites you!
You die...

#........###### ##.....#########
..............###........#
............. ...........#
...........# ##.......$...##
...........# #.............##
.........#.###..............##
...........##................#
.......#.∩.##..T............# .
...........#....@...........## .
.........#.#.................##..
..........##....<.............#..
..........#......................
#.........#......................
####..####...............<.......
##..#.........................
##...###....#................
#### ####.#########....####


You could see Snorg (berserk).

Vanquished Creatures
  An orc warlord (Bailey)
  A centaur warrior (D:9)
  A hill giant (D:10)
  Pikel (D:9)
  A troll (D:10)
  A two-headed ogre (D:10)
  A hippogriff (D:7)
  A soldier ant (D:8)
  An ice beast (D:7)
  A sky beast (D:5)
  4 orc warriors (Bailey)
  A wasp (D:7)
  4 ogres
  7 centaurs
  The ghost of krepi the Sneak, an amateur SpAs of Elyvilon (D:3)
  2 big kobolds
  A gnoll sergeant (D:9)
  5 giant frogs
  3 scorpions
  4 killer bees (D:9)
  3 wights (D:6)
  3 howler monkeys
  A giant frog zombie (D:5)
  5 crimson imps
  A centaur zombie (D:7)
  4 orc priests
  2 centaur skeletons
  2 giant frog skeletons (D:5)
  4 hounds
  6 orc wizards
  7 iguanas
  4 worker ants
  Natasha (twice) (D:2)
  A killer bee zombie (D:7)
  A hound skeleton (D:4)
  2 worker ant zombies (D:5)
  18 adders
  6 gnolls
  2 shadow imps (D:6)
  An ooze (D:2)
  2 adder zombies (D:5)
  An adder skeleton (D:6)
  3 worms
  6 giant geckos
  24 orcs
  A ball python (D:6)
  9 bats
  2 giant cockroaches
  12 goblins
  11 hobgoblins
  12 jackals
  19 kobolds
  4 quokkas
  A giant gecko skeleton (D:6)
  6 giant newts
  A quokka skeleton (D:4)
  13 rats
244 creatures vanquished.

Vanquished Creatures (others)
  A slave (D:9)
1 creature vanquished.

Grand Total: 245 creatures vanquished

Notes
Turn   | Place    | Note
--------------------------------------------------------------
     0 | D:1      | Kloppie the Minotaur Gladiator began the quest for the Orb.
     0 | D:1      | Reached XP level 1. HP: 18/18 MP: 0/0
    81 | D:1      | Reached skill level 4 in Axes
    82 | D:1      | Reached skill level 1 in Armour
    91 | D:1      | Reached XP level 2. HP: 21/25 MP: 1/1
   511 | D:1      | Reached XP level 3. HP: 30/30 MP: 2/2
  1313 | D:2      | Reached XP level 4. HP: 38/38 MP: 3/3
  1566 | D:2      | Noticed Natasha
  1571 | D:2      | Killed Natasha
  1571 | D:2      | Reached skill level 5 in Axes
  1818 | D:2      | Noticed Natasha
  1827 | D:2      | Killed Natasha
  2067 | D:2      | Reached XP level 5. HP: 42/46 MP: 4/4
  2534 | D:3      | Reached XP level 6. HP: 35/53 MP: 5/5
  2661 | D:3      | Noticed krepi's ghost (amateur SpAs)
  2677 | D:3      | Killed krepi's ghost
  2677 | D:3      | Reached skill level 6 in Axes
  2694 | D:3      | Reached skill level 5 in Fighting
  3620 | D:3      | Reached XP level 7. HP: 47/61 MP: 6/6
  3987 | D:4      | Reached skill level 5 in Armour
  4627 | D:4      | Reached skill level 7 in Axes
  4885 | D:5      | Entered Level 5 of the Dungeon
  5096 | D:5      | Reached XP level 8. HP: 61/71 MP: 7/7
  5195 | D:5      | Found a staircase to the Ecumenical Temple.
  5201 | Temple   | Entered the Ecumenical Temple
  5291 | Temple   | Became a worshipper of Makhleb the Destroyer
  5762 | D:5      | Reached skill level 8 in Axes
  6122 | D:6      | Got a transparent ring mail
  6145 | D:6      | Identified the +1 ring mail of Too Many Cooks {rElec rN+ MR+ MP+9} (You found it on level 6 of the Dungeon)
  6168 | D:6      | Reached * piety under Makhleb
  6957 | D:7      | Reached skill level 9 in Axes
  7128 | D:7      | Reached XP level 9. HP: 71/82 MP: 8/8
  7185 | D:7      | Got a slimy hunting sling
  7186 | D:7      | Identified the +5 hunting sling "Ello" {velocity, Int+2 Dex+3} (You found it on level 7 of the Dungeon)
  7222 | D:7      | Got a diamond-encrusted plate armour
  7233 | D:7      | Identified the cursed +0 plate armour of Sif Muna's Anger {Int+3} (You found it on level 7 of the Dungeon)
  7516 | D:7      | Reached ** piety under Makhleb
  7706 | D:8      | Found a flagged portal.
  7724 | D:8      | Reached skill level 10 in Axes
  7741 | Bailey   | Entered a bailey
  7748 | Bailey   | Noticed an orc warlord
  7849 | Bailey   | Found a runed gate.
  7852 | Bailey   | Found a runed gate.
  7867 | Bailey   | Found a runed gate.
  8113 | Bailey   | Killed an orc warlord
  8113 | Bailey   | Reached skill level 10 in Fighting
  8113 | Bailey   | Reached skill level 11 in Axes
  8113 | Bailey   | Reached XP level 10. HP: 40/93 MP: 9/9
  8560 | D:8      | Found a shadowy altar of Dithmenos.
  8560 | D:8      | Found an oddly glowing altar of Pakellas.
  8613 | D:8      | Found a deep blue altar of Sif Muna.
  8613 | D:8      | Found an oddly glowing altar of Pakellas.
  8631 | D:8      | Reached skill level 10 in Armour
  8633 | D:8      | Noticed a six-headed hydra
  8688 | D:9      | Found a staircase to the Orcish Mines.
  9002 | D:9      | Noticed Pikel
  9021 | D:9      | Killed Pikel
  9021 | D:9      | Reached *** piety under Makhleb
  9071 | D:9      | Noticed a centaur warrior
  9087 | D:9      | Killed a centaur warrior
  9190 | D:9      | Found a shadowy altar of Dithmenos.
  9454 | D:10     | Entered Level 10 of the Dungeon
  9562 | D:10     | Found Kuocih's Distillery.
  9569 | D:10     | Bought a potion of degeneration for 13 gold pieces
  9569 | D:10     | Bought a potion of heal wounds for 65 gold pieces
  9569 | D:10     | Bought a potion of magic for 104 gold pieces
  9569 | D:10     | Bought 2 potions of lignification for 78 gold pieces
  9569 | D:10     | Bought a potion of magic for 104 gold pieces
  9569 | D:10     | Bought 2 potions of mutation for 65 gold pieces
  9616 | D:10     | Reached skill level 12 in Axes
  9904 | D:10     | Noticed a hill giant
  9915 | D:10     | Killed a hill giant
  9994 | D:10     | Noticed Snorg
 10016 | D:10     | HP: 4/96 [Snorg (13)]
 10380 | D:10     | Slain by Snorg

Skill      XL: |  1  2  3  4  5  6  7  8  9 10 |
---------------+-------------------------------+-----
Axes           | 4 5 6 7 9 11 12 | 12.2
Armour         | 1 2 3 4 6 7 9 11 | 11.2
Fighting       | 3 4 5 6 8 10 11 | 11.6
Throwing       | |  2.0
Dodging        | |  3.2

Action                   |  1- 3 |  4- 6 |  7- 9 | 10-12 || total
-------------------------+-------+-------+-------+-------++-------
Melee: War axe           |    83 |   115 |   352 |   149 ||   699
       Headbutt          |     5 |    18 |    75 |    25 ||   123
Throw: Throwing net      |       |     4 |     1 |     2 ||     7
  Use: Scroll            |       |       |    18 |     3 ||    21
       Potion            |       |       |     2 |     4 ||     6
 Stab: Held in net/web   |       |     1 |     1 |       ||     2
  Eat: Chunk             |     1 |     8 |    10 |     7 ||    26
       Meat ration       |       |       |     1 |       ||     1
Armor: Leather armour    |    30 |    23 |     9 |       ||    62
       Scale mail        |       |       |    60 |       ||    60
       Ring mail         |       |       |    73 |       ||    73
       Chain mail        |       |       |       |    97 ||    97
Dodge: Dodged            |    58 |    76 |   276 |   127 ||   537
